 Dungeon Crawl Stone Soup version 0.31-a0-18-gea43df2a32 (webtiles) character file.

Game seed: 3458311655664016414

22922 Morbidden the Basher (level 12, 0/101 HPs)
             Began as a Minotaur Monk on May 9, 2023.
             Was the Champion of Cheibriados.
             Slain by a pharaoh ant (28 damage)
             ... on level 2 of the Lair of Beasts.
             The game lasted 00:13:22 (11786 turns).

Morbidden the Basher (Minotaur Monk)               Turns: 11786, Time: 00:13:22

Health: 0/101      AC: 15    Str: 32    XL:     12   Next: 67%
Magic:  24/26      EV: 17    Int: 26    God:    Cheibriados [******]
Gold:   970        SH:  0    Dex: 28    Spells: 15/19 levels left

rFire   + . .        b - +1 broad axe (venom)
rCold   . . .        d - orb {light}
rNeg    . . .        u - +0 chain mail {rF+}
rPois   .            r - +2 hat
rElec   .            e - +0 cloak
rCorr   +            (no gloves)
SInv    .            J - +0 pair of boots
Will    .....        P - amulet of faith Stlth
                     f - ring of magical power
HPRegen 0.36/turn    L - ring of resist corrosion
MPRegen 0.20/turn

%: faith
@: glowing, very slow
A: horns 2, retaliatory headbutt
a: Renounce Religion, Bend Time, Temporal Distortion, Slouch, Step From Time


You were on level 2 of the Lair of Beasts.
You worshipped Cheibriados.
Cheibriados was exalted by your worship.
You visited 4 branches of the dungeon, and saw 15 of its levels.

You collected 970 gold pieces.

Inventory:

Hand Weapons
 a - a +2 broad axe of flaming
 b - a +1 broad axe of venom (weapon)
 M - a +3 whip of draining
 R - a +0 mace
Missiles
 i - 56 poisoned darts (quivered)
 K - 2 throwing nets
 N - a curare-tipped dart
Armour
 d - an orb of light (worn)
 e - a +0 cloak (worn)
 r - a +2 hat (worn)
 u - a +0 chain mail of fire resistance (worn)
 F - the +5 ring mail of Xom's Anger {Harm rF+ Will- Int+4}
   (You found it on level 5 of the Dungeon)

   Int:       It affects your intelligence (+4).
   rF:        It protects you from fire.
   Harm:      It increases damage dealt and taken.
   Will:      It decreases your willpower.
 J - a +0 pair of boots (worn)
 S - a +0 kite shield
Jewellery
 f - a ring of magical power (left hand)
 L - a ring of resist corrosion (right hand)
 P - an amulet of faith (around neck)
 Q - an amulet of magic regeneration
Wands
 o - a wand of flame (14)
 D - a wand of digging (8)
 G - a wand of light (7)
Scrolls
 g - 3 scrolls of enchant armour
 k - a scroll of enchant weapon
 l - 3 scrolls of fog
 n - a scroll of immolation
 p - 3 scrolls of teleportation
 q - a scroll of brand weapon
 y - 3 scrolls of magic mapping
 A - 4 scrolls of identify
 H - a scroll of vulnerability
Potions
 c - a potion of ambrosia
 h - 10 potions of curing
 j - 2 potions of degeneration {unknown}
 m - a potion of magic {unknown}
 s - 8 potions of heal wounds
 t - 2 potions of attraction {unknown}
 v - a potion of lignification
 x - 3 potions of might
 z - a potion of invisibility {unknown}
 C - a potion of resistance {unknown}
 E - a potion of berserk rage {unknown}
 I - a potion of flight {unknown}
Miscellaneous
 T - a lightning rod (4/4)


   Skills:
 * Level 7.7 Fighting
 * Level 11.2(13.7) Axes
 * Level 11.2(13.1) Maces & Flails
 * Level 6.1(9.5) Polearms
 + Level 1.2 Throwing
 * Level 8.1 Armour
 * Level 8.1 Dodging
 + Level 2.0 Stealth
 * Level 4.1 Spellcasting
 * Level 3.5 Conjurations
 * Level 3.4 Translocations
 * Level 5.1 Invocations
 * Level 4.3 Evocations


You had 15 spell levels left.
You knew the following spells:

 Your Spells              Type           Power      Damage    Failure   Level
a - Iskenderun's Mystic   Conj/Tloc      23%        2d6       54%         4

Your spell library contained the following spells:

 Spells                   Type           Power      Damage    Failure   Level
 Blink                    Tloc           46%        N/A       10%         2
 Lesser Beckoning         Tloc           46%        N/A       10%         2
 Momentum Strike          Conj/Tloc      46%        3d9       10%         2
 Dazzling Flash           Conj/Hex       28%        N/A       36%         3
 Volatile Blastmotes      Fire/Tloc      28%        2d12      38%         3
 Manifold Assault         Tloc           23%        N/A       54%         4
 Summon Forest            Summ/Tloc      7%         N/A       98%         5
 Summon Mana Viper        Hex/Summ       5%         N/A       100%        5
 Dispersal                Tloc           11%        N/A       100%        6
 Starburst                Conj/Fire      7%         6d4       100%        6
 Summon Cactus Giant      Summ           2%         N/A       100%        6
 Disjunction              Tloc           11%        N/A       100%        8


Dungeon Overview and Level Annotations

Branches:
Dungeon (11/15)            Temple (1/1) D:5            Lair (2/5) D:11
    Orc (1/2) D:10
  Swamp: Lair:2-3    Shoals: Lair:2-3     Snake: Lair:2-3    Spider: Lair:2-3

Altars:
Cheibriados
Dithmenos
Gozag
Kikubaaqudgha
Makhleb
Nemelex Xobeh
Qazlal
Sif Muna
Trog
Uskayaw
Vehumet
Xom
Yredelemnul
The Shining One

Shops:
D:1 ?   D:5 (


Innate Abilities, Weirdness & Mutations

You have a pair of horns on your head.
You reflexively headbutt those who attack you in melee.


Message History

Unknown command.
You slash the jumping spider!
The jumping spider is poisoned.
You headbutt the jumping spider, but do no damage.
The jumping spider is moderately wounded.
The jumping spider pounces on you.
The jumping spider bites you but does no damage.
You hit the jumping spider.
The jumping spider is heavily wounded.
The jumping spider pounces on you but does no damage.
The jumping spider barely misses you. x2
The jumping spider bites you but does no damage.
You slash the jumping spider!
You kill the jumping spider!
Cheibriados thoroughly appreciates the change of pace.
You slash the pharaoh ant!
The pharaoh ant is moderately damaged.
The pharaoh ant bites you!!
* * * LOW HITPOINT WARNING * * *
The pharaoh ant closely misses you. You furiously retaliate!
You headbutt the pharaoh ant, but do no damage.
You slash the pharaoh ant!
The pharaoh ant is heavily damaged.
The pharaoh ant misses you.
Unknown command.
You slash the pharaoh ant!
The pharaoh ant is almost destroyed.
The pharaoh ant bites you!!
* * * LOW HITPOINT WARNING * * *
Unknown command.
You barely miss the pharaoh ant. You headbutt the pharaoh ant.
The pharaoh ant is almost destroyed.
The pharaoh ant completely misses you.
Unknown command.
Unknown command.
Okay, then.
Okay, then.
You feel much better. The pharaoh ant misses you.
A seven-headed hydra comes into view.
The pharaoh ant bites you!!
You die...

.#.###.......##.....#
#....$.......# ...#..
.#....... ...
##..#...##..##
#....#...#.D..
###............
##.......†......
#......$.#B#
##........@#
###....†..#†.# #
##..........#....
P###.......##.##..#.#
..#.........##......s.
............# .....#..
..........### ......
..........# ...#.$#
........#....#


You could see a seven-headed hydra (wandering) and a pharaoh ant.

Vanquished Creatures
  A boulder beetle (D:11)
  4 two-headed ogres
  A death yak (D:11)
  A cyclops (D:11)
  A manticore (D:7)
  8 elephants
  3 cane toads
  Joseph (D:8)
  Maggie (D:9)
  A komodo dragon (shapeshifter) (D:10)
  A rime drake (Lair:1)
  2 komodo dragons
  A troll (D:11)
  A polar bear (Lair:2)
  2 hornets (D:9)
  3 blink frogs (Lair:1)
  2 jumping spiders (Lair:2)
  7 wyverns
  A wraith (D:10)
  A basilisk (Lair:2)
  34 yaks
  A redback (Lair:2)
  A steam dragon (D:8)
  An acid dragon (D:11)
  8 water moccasins
  7 orc warriors
  2 sky beasts
  2 black bears
  2 centaurs
  4 wolves (Lair:1)
  A phantom (D:6)
  4 kobold brigands
  5 bullfrogs
  A gnoll sergeant (D:9)
  3 scorpions
  11 wights
  7 howler monkeys
  A crimson imp (D:6)
  5 orc priests
  6 hounds
  A sleepcap (D:7)
  2 iguanas
  10 orc wizards
  7 gnolls
  13 adders
  A shadow imp (D:7)
  4 white imps
  2 worms
  4 dart slugs
  49 orcs
  10 ball pythons
  11 bats
  9 endoplasms
  3 giant cockroaches
  3 goblins
  7 hobgoblins
  3 jackals (D:4)
  6 quokkas
  3 frilled lizards
  31 kobolds
  7 rats
335 creatures vanquished.

Vanquished Creatures (collateral kills)
  A yak (Lair:1)
1 creature vanquished.

Grand Total: 336 creatures vanquished

Notes
Turn   | Place    | Note
-------+----------+-------------------------------------------
     0 | D:1      | Morbidden the Minotaur Monk began the quest for the Orb.
     0 | D:1      | Reached XP level 1. HP: 19/19 MP: 0/0
   253 | D:1      | Reached XP level 2. HP: 27/27 MP: 1/1
   420 | D:1      | Found Gylis's Magic Scroll Boutique.
   689 | D:1      | Found a faded altar of an unknown god.
  1116 | D:2      | Reached XP level 3. HP: 28/33 MP: 2/2
  2247 | D:3      | Noticed a scorpion
  2253 | D:3      | Killed a scorpion
  2254 | D:3      | Reached skill level 1 in Axes
  2254 | D:3      | Reached skill level 1 in Armour
  2254 | D:3      | Reached XP level 4. HP: 28/41 MP: 4/4
  2432 | D:3      | Noticed a scorpion
  2435 | D:3      | Killed a scorpion
  2436 | D:3      | Reached skill level 5 in Maces & Flails
  2436 | D:3      | Reached XP level 5. HP: 41/47 MP: 5/5
  2821 | D:3      | Reached skill level 1 in Spellcasting
  3309 | D:4      | Reached XP level 6. HP: 55/55 MP: 6/6
  3478 | D:4      | Learned a level 4 spell: Iskenderun's Mystic Blast
  3878 | D:5      | Entered Level 5 of the Dungeon
  3879 | D:5      | Found a staircase to the Ecumenical Temple.
  3886 | D:5      | Identified the +5 ring mail of Xom's Anger {Harm rF+ Will-
                  | Int+4}
  3903 | Temple   | Entered the Ecumenical Temple
  3969 | Temple   | Became a worshipper of Cheibriados the Contemplative
  3969 | Temple   | Reached * piety under Cheibriados
  3969 | Temple   | Reached ** piety under Cheibriados
  4039 | D:5      | Reached skill level 5 in Fighting
  4039 | D:5      | Reached XP level 7. HP: 45/61 MP: 8/8
  4053 | D:5      | Reached skill level 1 in Invocations
  4299 | D:5      | Found Behened's Weapon Boutique.
  4443 | D:6      | Found a bloodstained altar of Trog.
  4878 | D:6      | Reached skill level 1 in Evocations
  4938 | D:6      | Reached *** piety under Cheibriados
  5041 | D:6      | Reached XP level 8. HP: 64/68 MP: 10/10
  5068 | D:6      | Found a hide-covered altar of Uskayaw.
  5152 | D:6      | Reached skill level 1 in Polearms
  5367 | D:7      | Reached skill level 1 in Translocations
  5378 | D:7      | Reached skill level 1 in Conjurations
  5646 | D:7      | Found a shimmering blue altar of Sif Muna.
  5686 | D:7      | Noticed a manticore
  5696 | D:7      | Reached skill level 5 in Dodging
  5700 | D:7      | Killed a manticore
  5701 | D:7      | Reached skill level 1 in Stealth
  5701 | D:7      | Reached XP level 9. HP: 70/74 MP: 11/11
  5702 | D:7      | Reached **** piety under Cheibriados
  6287 | D:8      | Reached skill level 5 in Armour
  6717 | D:8      | Noticed Joseph
  6726 | D:8      | Killed Joseph
  6854 | D:8      | Found a stormy altar of Qazlal.
  6893 | D:8      | Found a glowing golden altar of the Shining One.
  7096 | D:9      | Reached ***** piety under Cheibriados
  7099 | D:9      | Noticed a two-headed ogre
  7106 | D:9      | Killed a two-headed ogre
  7107 | D:9      | Reached XP level 10. HP: 84/84 MP: 13/13
  7110 | D:9      | Noticed Maggie
  7121 | D:9      | Killed Maggie
  7122 | D:9      | Reached skill level 10 in Maces & Flails
  7485 | D:10     | Entered Level 10 of the Dungeon
  7752 | D:10     | Reached skill level 5 in Axes
  7779 | D:10     | Found a staircase to the Orcish Mines.
  7786 | D:10     | Reached ****** piety under Cheibriados
  8296 | D:10     | Noticed a two-headed ogre
  8304 | D:10     | Killed a two-headed ogre
  8305 | D:10     | Reached XP level 11. HP: 91/91 MP: 15/15
  8361 | Orc:1    | Entered Level 1 of the Orcish Mines
  8361 | Orc:1    | Noticed a two-headed ogre
  8366 | Orc:1    | Killed a two-headed ogre
  8818 | D:11     | Reached skill level 1 in Throwing
  8987 | D:11     | Noticed a death yak
  8998 | D:11     | Killed a death yak
  9158 | D:11     | Found a staircase to the Lair.
  9197 | D:11     | Noticed a two-headed ogre
  9202 | D:11     | Killed a two-headed ogre
  9588 | D:11     | Noticed a boulder beetle
  9596 | D:11     | Killed a boulder beetle
  9817 | Lair:1   | Entered Level 1 of the Lair of Beasts
 10308 | Lair:1   | Reached skill level 5 in Polearms
 10308 | Lair:1   | Reached XP level 12. HP: 82/100 MP: 16/16
 10310 | Lair:1   | Reached skill level 10 in Axes
 11611 | Lair:2   | Reached skill level 5 in Invocations
 11743 | Lair:2   | Identified the scarf of Damp Fun {repulsion, Contam Will+
                  | Int+5}
 11784 | Lair:2   | HP: 3/101 [pharaoh ant (18)]
 11786 | Lair:2   | Noticed a seven-headed hydra
 11786 | Lair:2   | Slain by a pharaoh ant

Illustrated notes

Levels and vault maps discovered:
D:1:      amcnicky_arrival_single_pillar, layout_loops_corners,
          ebering_ecumenical_altar_box, serial_shops,
          nicolae_shop_rolling_square, minmay_misc_feat_pillars
D:2:      layout_basic
D:3:      minmay_razor_zed, layout_loops_cross, minmay_hedge_maze
D:4:      layout_loops_cross, minmay_snake_closets
D:5:      layout_gridville, temple_statues, serial_shops, shop
D:6:      layout_basic, mainiacjoe_overflow_brackets,
          nicolae_uskayaw_dance_studio, minmay_fire_ice_demons
D:7:      layout_basic, mainiacjoe_overflow_concentric_impassable,
          minmay_microvault
D:8:      layout_gridville, grunt_qazlal_clouds, tso_oasis_becter,
          glass_columns_b, uniq_joseph
D:9:      layout_cave_pools, uniq_maggie
D:10:     layout_basic, david_orc_5
D:11:     layout_irregular_city, david_lair_generic, dreamdust_wishing_well,
          reono_crystal_passage, nicolae_fountain_basement
Temple:   minmay_crystal_spiral_temple
Lair:1:   layout_cave_pods, grunt_megastairs_3
Lair:2:   layout_hall_layers, nicolae_spider_entry_lesser_pyramids,
          nicolae_quartered_pool_medium, dreamdust_mushroom_princess
Orc:1:    layout_diamond_mine, basic_altar, gammafunk_ghost_stat_death

Skill      XL: |  1  2  3  4  5  6  7  8  9 10 11 12 |
---------------+-------------------------------------+-----
Maces & Flails | 4 5 6 7 8 9 10 11 | 11.2
Fighting       | 4 5 6 7 |  7.7
Axes           | 1 2 3 4 7 9 11 | 11.2
Armour         | 1 2 3 4 6 7 8 |  8.1
Dodging        | 4 5 6 7 8 |  8.1
Spellcasting   | 1 2 3 4 |  4.1
Invocations    | 1 2 3 4 5 |  5.1
Evocations     | 1 2 3 4 |  4.3
Polearms       | 2 3 5 6 |  6.1
Translocations | 1 2 3 |  3.4
Conjurations   | 1 2 3 |  3.5
Stealth        | 1 2 |  2.0
Throwing       | 1 |  1.2

Action                     |  1- 3 |  4- 6 |  7- 9 | 10-12 || total
---------------------------+-------+-------+-------+-------++-------
  Melee: Mace              |    71 |       |       |       ||    71
         Headbutt          |    11 |    12 |    52 |    68 ||   143
         Whip              |     4 |   100 |   195 |    10 ||   309
         Broad axe         |       |       |       |   229 ||   229
  Throw: Dart              |       |       |       |    10 ||    10
 Invoke: Slouch            |       |       |       |     2 ||     2
  Evoke: Wand              |       |       |       |     1 ||     1
    Use: Scroll            |       |       |     6 |    14 ||    20
         Potion            |       |       |       |     2 ||     2
   Stab: Sleeping          |       |       |       |     1 ||     1
 Armour: Robe              |     7 |       |       |       ||     7
         Scale mail        |    20 |    24 |       |       ||    44
         Ring mail         |       |    12 |    79 |    96 ||   187
         Chain mail        |       |       |       |     8 ||     8
  Dodge: Dodged            |    50 |    53 |   134 |   246 ||   483

Table legend: (Time is in decaauts)
 A = Elapsed time spent in this place.
 B = Non-inter-level travel time spent in this place.
 C = Inter-level travel time spent in this place.
 D = Time resting spent in this place.
 E = Time spent auto-exploring this place.
 F = Levels seen in this place.
 G = Mean time per level.
                   A        B        C        D        E       F      G
               +--------+--------+--------+--------+--------+-----+--------+
         Total |  15894 |  14909 |    985 |    503 |  12527 |  15 | 1059.6 |
       Dungeon |  12712 |  11842 |    870 |    279 |  10055 |  11 | 1155.6 |
        Temple |    119 |     67 |     52 |      0 |     52 |   1 |  119.0 |
          Lair |   2997 |   2935 |     62 |    224 |   2381 |   2 | 1498.5 |
  Orcish Mines |     65 |     65 |      0 |      0 |     38 |   1 |   65.0 |
               +--------+--------+--------+--------+--------+-----+--------+

Top non-repeatable levels by time:
    D:10: 1893 daAuts
  Lair:1: 1862 daAuts
    D:11: 1667 daAuts
     D:7: 1452 daAuts
     D:6: 1355 daAuts
     D:2: 1200 daAuts
     D:8: 1200 daAuts
  Lair:2: 1134 daAuts
     D:3: 991 daAuts
     D:1: 890 daAuts
     D:4: 792 daAuts
     D:9: 719 daAuts
     D:5: 548 daAuts
  Temple: 119 daAuts
   Orc:1: 65 daAuts
